 Dungeon Crawl Stone Soup version 0.26.1-11-gd32895ea62 (webtiles) character file.

Game seed: 8048711945250720531

27 wafflestompin the Sneak (level 2, 0/13 HPs)
             Began as a Spriggan Enchanter on May 14, 2021.
             Succumbed to an adder's poison
             ... on level 2 of the Dungeon.
             The game lasted 00:11:34 (1669 turns).

wafflestompin the Sneak (Spriggan Enchanter)        Turns: 1669, Time: 00:11:34

Health: 0/13       AC:  2    Str:  4    XL:     2   Next: 93%
Magic:  6/6        EV: 19    Int: 16    God:
Gold:   34         SH:  0    Dex: 16    Spells: 5/6 levels left

rFire    . . .     SeeInvis +   a - +1 dagger
rCold    . . .     Faith    .   (shield restricted)
rNeg     . . .     Spirit   .   b - +0 robe
rPois    .         Reflect  .   (helmet restricted)
rElec    .         Harm     .   (no cloak)
rCorr    .         Rampage  .   (gloves unavailable)
Will     .....                  (boots unavailable)
Stlth    +++.......             (no amulet)
HPRegen  0.04/turn              (no ring)
MPRegen  0.10/turn              (no ring)

@: lethally poisoned (0 -> -2), very quick
A: very small, unfitting armour, see invisible, speed 3
a: no special abilities


You were on level 2 of the Dungeon.
You visited 1 branch of the dungeon, and saw 2 of its levels.

You collected 34 gold pieces.

Inventory:

Hand Weapons
 a - a +1 dagger (weapon)
Missiles
 c - 80 stones (quivered)
 j - 7 curare-tipped darts
Armour
 b - a +0 robe (worn)
 h - a +0 ring mail
Jewellery
 d - a +6 ring of dexterity {unknown}
 e - a +6 ring of intelligence
 f - a +6 ring of intelligence
 g - a cursed -4 ring of strength {unknown}
Scrolls
 i - a scroll of immolation {unknown}
 k - a scroll of fear {unknown}
 l - 2 scrolls of noise {unknown}


   Skills:
 + Level 1.6 Short Blades
 + Level 3.4 Dodging
 + Level 4.8 Stealth
 + Level 2.8 Spellcasting
 + Level 4.2 Hexes


You had 5 spell levels left.
You knew the following spells:

 Your Spells              Type           Power        Failure   Level
a - Corona                Hex            16%          3%          1

Your spell library contained the following spells:

 Spells                   Type           Power        Failure   Level
 Confusing Touch          Hex            15%          10%         3
 Tukima's Dance           Hex            15%          10%         3
 Ensorcelled Hibernation  Hex/Ice        18%          12%         2
 Dazzling Flash           Conj/Hex       18%          24%         3


Dungeon Overview and Level Annotations

Branches:
Dungeon (2/15)

Altars:


Innate Abilities, Weirdness & Mutations

You are very small and have problems with some larger weapons.
You are too small for most types of armour.
You have supernaturally acute eyesight. (SInv)
You cover ground extremely quickly.


Message History

The adder barely misses you.
Found a robe.
* * * LOW HITPOINT WARNING * * *
You feel sick.
An adder comes into view.
Throw: 81 stones
Press: ? - help, Q - select action, (/) - cycle Shift-Dir - straight line, f/p - adder
Aim: an adder (heavily wounded, 40% to hit)
You throw a stone. The stone barely misses the adder.
A dart slug comes into view.
Found 23 stones.
An adder comes into view.
The adder hisses angrily.
* * * LOW HITPOINT WARNING * * *
You feel sick. The adder closely misses you. The adder misses you.
The adder bites you.
* * * LOW HITPOINT WARNING * * *
You die...

..... ##...<.#
#...... #..(..##
#.#... #.(##... #
#.### ##..######
#.####.# ####..##
....w#.# ##....<#
#....# #....#####
##..###..........
#....S.@...##....
#....S.##### ###
#...........#
#..##...#.S..# #.
#.[.###.... #
.....# .....
...(##. .###..
..#. . .. ..
#.... .


You could see 3 adders.

Vanquished Creatures
  A dart slug (D:1)
  2 goblins (D:1)
  3 hobgoblins (D:1)
  4 jackals (D:1)
  5 kobolds (D:1)
  3 bats (D:1)
  A frilled lizard (D:1)
  4 rats (D:1)
23 creatures vanquished.

Notes
Turn   | Place    | Note
-------+----------+-------------------------------------------
     0 | D:1      | wafflestompin the Spriggan Enchanter began the quest for
                  | the Orb.
     0 | D:1      | Reached XP level 1. HP: 9/9 MP: 5/5
   220 | D:1      | Reached XP level 2. HP: 9/13 MP: 6/6
  1669 | D:2      | Succumbed to an adder's poison

Illustrated notes

Levels and vault maps discovered:
D:1:      heliophobic_arrival_battle_scene, layout_basic
D:2:      layout_rooms, nicolae_gozag_seed_capital

Skill      XL: |  1 |
---------------+----+-----
Hexes          | 4 |  4.2
Short Blades   | |  1.6
Dodging        | |  3.4
Stealth        | |  4.8
Spellcasting   | |  2.8

Action                   || total
-------------------------++-------
Melee: Dagger            ||   116
Throw: Stone             ||    30
 Cast: Corona            ||     5
 Stab: Sleeping          ||     5
Armor: Robe              ||    16
Dodge: Dodged            ||   128
